 Dungeon Crawl Stone Soup version 0.28-a0-631-g0446da8ef9 (webtiles) character file.

Game seed: 2993753306133758802

12482 dolemite99 the Spear-Bearer (level 11, 0/81 HPs)
             Began as a Demonspawn Fighter on Oct 9, 2021.
             Was a Priest of Ashenzari.
             Slain by a yak (8 damage)
             ... on level 1 of the Lair of Beasts.
             The game lasted 00:18:07 (15543 turns).

dolemite99 the Spear-Bearer (Demonspawn Fighter)   Turns: 15543, Time: 00:18:08

Health: 0/81       AC: 21    Str: 21    XL:     11   Next: 63%
Magic:  11/11      EV: 11    Int:  9    God:    Ashenzari [***...]
Gold:   516        SH: 10    Dex: 17    Spells: 5/10 levels left

rFire   + . .      SeeInvis +   a - +3 trident (venom)
rCold   + . .      Faith    .   c - +0 buckler "Urgency of the Empyrean" {Fort, Bglg} (curse)
rNeg    . . .      Spirit   .   B - +0 plate armour of Ashenzari's Ordeal {Melee, Comp} (curse)
rPois   +          Reflect  .   J - +1 hat "Urgency of the Cosmos" {Comp, Cun} (curse)
rElec   .          Harm     .   g - scarf of Ashenzari's Augurer {rC+ rF+, Bglg, Self} (curse)
rCorr   .          Rampage  .   u - +2 pair of gloves of Ashenzari's Omen {Dex+3, Fort, Bglg} (curse)
Will    .....      Clarity  +   (no boots)
Stlth   ..........              (no amulet)
HPRegen 0.23/turn               j - ring of wizardry
MPRegen 0.12/turn               q - ring of poison resistance

@: slowed, studying Dodging, very slow
A: antennae 2, thin skeletal structure 1, foul stench 2, icemail 1, condensation
shield
a: Renounce Religion, Shatter the Chains


You were on level 1 of the Lair of Beasts.
You worshipped Ashenzari.
Ashenzari was most pleased with you.
You visited 3 branches of the dungeon, and saw 13 of its levels.

You collected 649 gold pieces.
You spent 133 gold pieces at shops.

Inventory:

Hand Weapons
 a - a +3 trident of venom (weapon)
 b - a +0 trident of flaming
 k - a +0 flail
 s - a +0 halberd of venom
 A - a +1 glaive of freezing
 E - a +0 hunting sling of flaming
 F - a +2 spectral quarterstaff
 H - a +0 longbow
Missiles
 e - 191 stones
 h - 3 throwing nets
 i - 165 arrows
 o - 5 boomerangs
 y - 32 poisoned darts (quivered)
 G - 124 sling bullets
Armour
 c - the cursed +0 buckler "Urgency of the Empyrean" (worn) {Fort, Bglg}

   It has a curse which improves the following skills: Fortitude: Armour and
   Shields.
   Beguiling: Conjurations, Hexes and Translocations.
 g - the cursed scarf of Ashenzari's Augurer (worn) {rC+ rF+, Bglg, Self}
   (You found it on level 1 of the Dungeon)

   It has a curse which improves the following skills: Beguiling: Conjurations,
   Hexes and Translocations.
   Introspection: Fighting and Spellcasting.
 n - a +0 ring mail of poison resistance
 u - the cursed +2 pair of gloves of Ashenzari's Omen (worn) {Dex+3, Fort, Bglg}
   (You acquired it on level 6 of the Dungeon)

   It has a curse which improves the following skills: Fortitude: Armour and
   Shields.
   Beguiling: Conjurations, Hexes and Translocations.
 B - the cursed +0 plate armour of Ashenzari's Ordeal (worn) {Melee, Comp}
   (You took it off an orc warrior on level 6 of the Dungeon)

   It has a curse which improves the following skills: Melee Combat: Short
   Blades, Long Blades, Axes, Maces & Flails, Polearms, Staves and Unarmed
   Combat.
   Companions: Summonings and Necromancy.
 I - a +2 pair of gloves
 J - the cursed +1 hat "Urgency of the Cosmos" (worn) {Comp, Cun}
   (You found it on level 6 of the Dungeon)

   It has a curse which improves the following skills: Companions: Summonings
   and Necromancy.
   Cunning:   Dodging and Stealth.
 M - a +0 chain mail
Jewellery
 j - a ring of wizardry (left hand)
 q - a ring of poison resistance (right hand)
 w - a +4 ring of slaying
 x - a ring of resist corrosion
Wands
 d - a wand of flame (12)
 l - a wand of paralysis (2)
 r - a wand of digging (6)
 K - a wand of iceblast (8)
 N - a wand of polymorph (3)
Scrolls
 f - a scroll of vulnerability
 t - 4 scrolls of teleportation
 v - a scroll of magic mapping
 C - 2 scrolls of blinking
Potions
 m - a potion of ambrosia
 z - a potion of cancellation
 D - 2 potions of flight
 O - a potion of resistance


   Skills:
 + Level 4.4(6.2) Fighting
 - Level 5.3(10.4) Axes
 - Level 11.7(13.9) Polearms
 - Level 8.3 Throwing
 + Level 4.0(6.7) Armour
 - Level 9.6(11.5) Dodging
 - Level 2.6(5.0) Shields


You had 5 spell levels left.
You knew the following spells:

 Your Spells              Type           Power      Damage    Failure   Level
a - Corpse Rot            Necr/Air       N/A        N/A       98%         2
b - Swiftness             Air            0%         N/A       100%        3

Your spell library contained the following spells:

 Spells                   Type           Power      Damage    Failure   Level
 Magic Dart               Conj           4%         1d3       91%         1
 Summon Small Mammal      Summ           0%         N/A       92%         1
 Foxfire                  Conj/Fire      0%         2x1d4     93%         1
 Shock                    Conj/Air       0%         1d3       93%         1
 Searing Ray              Conj           2%         2d4       97%         2
 Poisonous Vapours        Pois/Air       0%         N/A       99%         2
 Portal Projectile        Hex/Tloc       2%         N/A       99%         3
 Summon Guardian Golem    Hex/Summ       0%         N/A       99%         3
 Call Canine Familiar     Summ           0%         N/A       100%        3
 Conjure Flame            Conj/Fire      0%         6-21      100%        3
 Inner Flame              Hex/Fire       0%         N/A       100%        3
 Airstrike                Air            0%         N/A       100%        4
 Dispel Undead            Necr           0%         3d6       100%        4
 Flame Wave               Conj/Fire      0%         3d3       100%        4
 Fulminant Prism          Conj/Hex       0%         3d6       100%        4
 Leda's Liquefaction      Hex/Erth       0%         N/A       100%        4
 Death Channel            Necr           0%         N/A       100%        6


Dungeon Overview and Level Annotations

Branches:
Dungeon (11/15)            Temple (1/1) D:6            Lair (1/6) D:8
    Orc (0/2) D:10

Altars:
Ashenzari
Cheibriados
Dithmenos
Elyvilon
Fedhas
Gozag
Hepliaklqana
Kikubaaqudgha
Makhleb
Nemelex Xobeh
Okawaru
Qazlal
Ru
Sif Muna
Trog
Uskayaw
Vehumet
Wu Jian
Xom
Yredelemnul
Zin
The Shining One

Shops:
D:5 *   D:9 (

Annotations:
D:6 2 exclusions


Innate Abilities, Weirdness & Mutations

You have a pair of antennae on your head.
You have a somewhat thin skeletal structure. (Dex +2, Stealth+)
You sometimes emit foul miasma when damaged in melee.
A meltable icy envelope protects you from harm. (AC +4)
A meltable shield of frost defends you. (SH +4)


Message History

Gastronok waves his eye-stalks in wide circles.
The air twists around and strikes you!!
You hit Gastronok.
Gastronok looks as sick as possible!
Gastronok is heavily wounded.
The yak gores you.
* * * LOW HITPOINT WARNING * * *
You feel much better. You block the yak's attack.
You puncture the yak!
The yak is poisoned.
The yak is moderately wounded.
Gastronok looks at you and mumbles some strange words.
You feel yourself slow down. You block the yak's attack.
You puncture Gastronok!
Gastronok looks as sick as possible!
Gastronok is severely wounded.
You puncture Gastronok!
Gastronok looks as sick as possible!
Gastronok is almost dead.
The yak gores you but does no damage.
Gastronok looks at you and mumbles some strange words.
You feel as though you will be slow longer.
You puncture Gastronok!
Gastronok looks as sick as possible!
Gastronok is almost dead.
The yak barely misses you.
Okay, then.
You hit Gastronok but do no damage.
Gastronok looks as sick as possible!
Gastronok is almost dead.
The yak gores you but does no damage. Gastronok bites you!!
* * * LOW HITPOINT WARNING * * *
You puncture the yak!
The yak looks as sick as possible!
The yak is severely wounded.
The yak gores you!
* * * LOW HITPOINT WARNING * * *
You puncture Gastronok!
You kill Gastronok!
The yak gores you!
* * * LOW HITPOINT WARNING * * *
Your base Fighting skill increases to level 4!
Your base Armour skill increases to level 4!
You hit the yak but do no damage.
The yak is almost dead.
The yak gores you!
You die...

............# #.##
.?.....##...####..# **,#
......###.....#...# .#*
......###.......### * . #
......#.......#.#####*.#.#
.................#..##.. **
...................##(# ##
......................#..#,*
..............†Y@[.>...#
...............##....#.# *
..............####...##.#* *
.............#####.†.P##.. ,
...............#.........PP,
,
.................###P......#
.................# ##......#
.................#* .....,
.................. ,##..# ,


You could see a yak (extremely poisoned).

Vanquished Creatures
  Gastronok (Lair:1)
  Josephine (D:10)
  Harold (D:10)
  A centaur warrior (D:10)
  Pikel (D:4)
  Joseph (D:7)
  A troll (D:5)
  A hornet (D:10)
  3 wraiths
  13 yaks
  Eustachio (D:5)
  A basilisk (Lair:1)
  2 water moccasins
  4 orc warriors
  2 hornet zombies
  A sky beast (D:6)
  A necrophage (D:5)
  6 ice beasts
  5 centaurs
  3 ogres
  A lemure (D:4)
  A kobold brigand (D:8)
  Blork the orc (D:6)
  2 gnoll sergeants
  A wyvern zombie (D:9)
  5 bullfrogs
  2 scorpions
  2 water moccasin zombies (D:5)
  A water moccasin skeleton (D:5)
  A wyvern skeleton (D:7)
  13 killer bees
  3 wights (D:9)
  4 howler monkeys
  3 bullfrog zombies
  3 lava snakes (D:10)
  2 hounds
  2 jellies
  7 orc priests
  A bullfrog skeleton (D:6)
  Ijyb (D:3)
  2 centaur zombies
  Jessica (D:2)
  2 iguanas
  12 orc wizards
  A scorpion zombie (D:4)
  A killer bee zombie (D:9)
  2 hound skeletons
  Robin (D:3)
  A howler monkey zombie (D:8)
  8 gnolls
  6 adders
  2 shadow imps
  2 white imps (D:6)
  2 ufetubi
  An adder zombie (D:5)
  An adder skeleton (D:5)
  3 worms (D:2)
  2 dart slugs (D:2)
  56 orcs
  6 ball pythons
  7 bats
  6 endoplasms
  A giant cockroach (D:4)
  11 goblins
  9 hobgoblins
  2 jackals (D:1)
  7 quokkas
  4 frilled lizards
  12 kobolds
  7 rats
284 creatures vanquished.

Vanquished Creatures (collateral kills)
  3 killer bees (D:9)
3 creatures vanquished.

Grand Total: 287 creatures vanquished

Notes
Turn   | Place    | Note
-------+----------+-------------------------------------------
     0 | D:1      | dolemite99 the Demonspawn Fighter began the quest for the
                  | Orb.
     0 | D:1      | Reached XP level 1. HP: 18/18 MP: 1/1
   297 | D:1      | Gained mutation: You have a pair of small antennae on your
                  | head. [demonic ancestry]
   297 | D:1      | Reached XP level 2. HP: 23/24 MP: 2/2
   865 | D:1      | Found a faded altar of an unknown god.
  1021 | D:1      | Gained mutation: You may rarely emit foul miasma when
                  | damaged in melee. [demonic ancestry]
  1021 | D:1      | Reached XP level 3. HP: 29/29 MP: 3/3
  1342 | D:2      | Noticed Jessica
  1359 | D:2      | Killed Jessica
  1480 | D:2      | Gained mutation: A meltable shield of frost defends you.
                  | (SH +4) [demonic ancestry]
  1480 | D:2      | Reached XP level 4. HP: 35/35 MP: 4/4
  2346 | D:3      | Reached skill level 5 in Axes
  2346 | D:3      | Gained mutation: You sometimes emit foul miasma when
                  | damaged in melee. [demonic ancestry]
  2346 | D:3      | Reached XP level 5. HP: 32/41 MP: 5/5
  2500 | D:3      | Noticed Ijyb
  2518 | D:3      | Killed Ijyb
  2902 | D:3      | Reached skill level 1 in Polearms
  3325 | D:3      | Noticed Robin
  3331 | D:3      | Reached skill level 2 in Polearms
  3331 | D:3      | Reached XP level 6. HP: 47/47 MP: 6/6
  3335 | D:3      | Killed Robin
  3606 | D:4      | Noticed Pikel
  3632 | D:4      | Killed Pikel
  3633 | D:4      | Reached skill level 5 in Polearms
  3633 | D:4      | Gained mutation: You have a pair of antennae on your head.
                  | [demonic ancestry]
  3633 | D:4      | Reached XP level 7. HP: 27/52 MP: 7/7
  4666 | D:4      | Reached skill level 6 in Polearms
  4956 | D:5      | Entered Level 5 of the Dungeon
  4988 | D:5      | Reached XP level 8. HP: 54/58 MP: 8/8
  5010 | D:5      | Reached skill level 7 in Polearms
  5043 | D:5      | Noticed Eustachio
  5069 | D:5      | Killed Eustachio
  5425 | D:5      | Reached skill level 8 in Polearms
  5504 | D:5      | Paralysed by a centaur for 7 turns
  5542 | D:5      | Noticed a troll
  5556 | D:5      | Killed a troll
  5557 | D:5      | Reached skill level 9 in Polearms
  5702 | D:5      | Gained mutation: A meltable icy envelope protects you from
                  | harm. (AC +4) [demonic ancestry]
  5702 | D:5      | Reached XP level 9. HP: 46/63 MP: 9/9
  6346 | D:5      | Found Nibruidghy's General Store.
  6383 | D:5      | Bought a scroll of enchant weapon for 105 gold pieces
  6383 | D:5      | Bought a scroll of identify for 28 gold pieces
  6505 | D:5      | Reached skill level 10 in Polearms
  6895 | D:6      | Identified a scroll of acquirement
  6895 | D:6      | Acquired a +2 pair of gloves of dexterity
  6927 | D:6      | Noticed Blork the orc
  6938 | D:6      | Killed Blork the orc
  7764 | D:6      | Found a staircase to the Ecumenical Temple.
  7794 | Temple   | Entered the Ecumenical Temple
  7912 | Temple   | Became a worshipper of Ashenzari the Shackled
  8004 | D:6      | Reached skill level 11 in Polearms
  8396 | D:6      | Found an ancient bone altar of Kikubaaqudgha.
  8475 | D:8      | Found a staircase to the Lair.
  9066 | D:7      | Noticed Joseph
  9083 | D:7      | Killed Joseph
  9084 | D:7      | Reached skill level 5 in Dodging
  9084 | D:7      | Gained mutation: You have a somewhat thin skeletal
                  | structure. (Dex +2, Stealth+) [demonic ancestry]
  9084 | D:7      | Reached XP level 10. HP: 40/70 MP: 10/10
 10967 | D:8      | Reached * piety under Ashenzari
 12200 | D:9      | Acquired a ring of poison resistance
 12205 | D:9      | Reached ** piety under Ashenzari
 12220 | D:9      | Identified the +1 morningstar of the Onslaught {vorpal,
                  | rPois Will+ Str+5}
 12455 | D:9      | Reached skill level 1 in Throwing
 12802 | D:9      | Found Qafo Ygedou's Weapon Emporium.
 13052 | Lair:1   | Entered Level 1 of the Lair of Beasts
 13125 | D:10     | Entered Level 10 of the Dungeon
 13125 | D:10     | Noticed Josephine
 13480 | D:10     | Noticed Harold
 13513 | D:10     | Killed Harold
 13514 | D:10     | Reached skill level 5 in Throwing
 13644 | D:10     | Learned a level 2 spell: Corpse Rot
 13648 | D:10     | Learned a level 3 spell: Swiftness
 13703 | D:10     | Reached XP level 11. HP: 75/75 MP: 11/11
 13802 | D:10     | Found a staircase to the Orcish Mines.
 14040 | D:10     | Noticed a centaur warrior
 14053 | D:10     | Killed a centaur warrior
 14165 | D:10     | Killed Josephine
 15440 | Lair:1   | Reached *** piety under Ashenzari
 15493 | Lair:1   | Noticed Gastronok
 15542 | Lair:1   | Killed Gastronok
 15543 | Lair:1   | Slain by a yak

Illustrated notes

Levels and vault maps discovered:
D:1:      nzn_arrival_depleted_hourglass, layout_basic,
          hellmonk_ecumenical_altar_arch_garden, roderic_lattice_a,
          minmay_strange_pillars, hangedman_decor_peaks_small
D:2:      layout_loops_ring, uniq_jessica
D:3:      layout_basic, uniq_robin, uniq_ijyb
D:4:      layout_basic, roderic_serpentine_path, uniq_pikel
D:5:      layout_basic, serial_shops, shop, minmay_manual_monolith,
          uniq_eustachio
D:6:      layout_basic, general_overflow_altar, temple_pool_b, centaur_isle,
          uniq_duvessa, uniq_blork_the_orc
D:7:      layout_basic, uniq_joseph
D:8:      layout_rooms, lair_entry_dummy
D:9:      minmay_weird_star, layout_long_grid, serial_shops, shop
D:10:     layout_roguey, hiddenorc2_lemuel, kennysheep_boxes, uniq_harold,
          uniq_josephine
D:11:     layout_big_octagon, gauntlet_entry_generic
Temple:   kilobyte_greek_temple
Lair:1:   layout_cave_shapes, ebering_ghost_rock_garden, serial_bayou_pond_e,
          lemuel_old_faithful, uniq_gastronok

Skill      XL: |  1  2  3  4  5  6  7  8  9 10 11 |
---------------+----------------------------------+-----
Axes           | 2 3 4 5 |  5.3
Polearms       | 2 5 6 9 11 | 11.7
Dodging        | 5 9 |  9.6
Throwing       | 5 8 |  8.3
Armour         | 4 |  4.0
Fighting       | 4 |  4.4
Shields        | |  2.6

Action                   |  1- 3 |  4- 6 |  7- 9 | 10-12 || total
-------------------------+-------+-------+-------+-------++-------
Melee: War axe           |    83 |    72 |       |       ||   155
       Trident           |       |    84 |   344 |   528 ||   956
Throw: Stone             |    56 |    38 |    40 |    29 ||   163
       Javelin           |       |       |    20 |    36 ||    56
       Boomerang         |       |       |       |     6 ||     6
       Throwing net      |       |       |       |     3 ||     3
Invok: Curse Item        |       |       |       |     5 ||     5
Evoke: Wand              |       |       |     2 |     5 ||     7
  Use: Scroll            |       |     4 |     8 |     4 ||    16
       Potion            |       |     3 |     6 |     1 ||    10
 Stab: Paralysed         |       |       |     2 |       ||     2
       Distracted        |       |       |       |     1 ||     1
Armor: Scale mail        |    42 |    11 |    80 |       ||   133
       Ring mail         |       |    15 |       |       ||    15
       Plate armour      |       |       |    44 |    57 ||   101
       Chain mail        |       |       |       |   108 ||   108
Dodge: Dodged            |    37 |    62 |   109 |   166 ||   374
Block: Buckler           |    15 |    59 |   110 |   169 ||   353

Table legend: (Time is in decaauts)
 A = Elapsed time spent in this place.
 B = Non-inter-level travel time spent in this place.
 C = Inter-level travel time spent in this place.
 D = Time resting spent in this place.
 E = Time spent auto-exploring this place.
 F = Levels seen in this place.
 G = Mean time per level.
                   A        B        C        D        E       F      G
               +--------+--------+--------+--------+--------+-----+--------+
         Total |  15451 |  14566 |    885 |   4988 |   6732 |  13 | 1188.5 |
       Dungeon |  15115 |  14238 |    877 |   4975 |   6522 |  11 | 1374.1 |
        Temple |    150 |    143 |      7 |      0 |    122 |   1 |  150.0 |
          Lair |    185 |    185 |      0 |     13 |     88 |   1 |  185.0 |
               +--------+--------+--------+--------+--------+-----+--------+

Top non-repeatable levels by time:
     D:7: 2195 daAuts
    D:10: 1714 daAuts
     D:6: 1698 daAuts
     D:4: 1656 daAuts
     D:5: 1609 daAuts
     D:3: 1440 daAuts
     D:9: 1335 daAuts
     D:1: 1244 daAuts
     D:2: 1112 daAuts
     D:8: 1092 daAuts
  Lair:1: 185 daAuts
  Temple: 150 daAuts
    D:11: 15 daAuts
